 Dungeon Crawl Stone Soup version 0.24.0-1-gfbc8707122 (webtiles) character file.

Game seed: 7710964325650795409, levelgen mode: deterministic

1193 Aviak the Insei (level 8, -1/55 HPs)
             Began as an Octopode Transmuter on Oct 27, 2019.
             Was an Initiate of Sif Muna.
             Slain by a wyvern zombie (13 damage)
             ... on level 6 of the Dungeon.
             The game lasted 00:13:13 (7092 turns).

Aviak the Insei (Octopode Transmuter)               Turns: 7092, Time: 00:13:14

Health: -1/55      AC:  1    Str: 15    XL:     8   Next: 43%
Magic:  11/12      EV: 14    Int: 15    God:    Sif Muna [......]
Gold:   376        SH:  0    Dex: 14    Spells: 7/13 levels left

rFire    . . .     SeeInvis .     - Unarmed
rCold    . . .     Gourm    .   (no shield)
rNeg     . . .     Faith    .   (helmet restricted)
rPois    .         Spirit   .   (no amulet)
rElec    .         Reflect  .   (no ring)
rCorr    .         Harm     .   (no ring)
MR       .....                  (no ring)
Stlth    ++........             (no ring)
HPRegen  0.18/turn              (no ring)
MPRegen  0.13/turn              (no ring)
                                (no ring)
                                (no ring)

@: mighty, appendage
A: almost no armour, stealthy swim, amphibious, 8 rings, constrict 8, tentacle
spike 3, camouflage 1, gelatinous body 1
a: End Transformation, Renounce Religion


You were on level 6 of the Dungeon.
You worshipped Sif Muna.
Sif Muna was noncommittal.
You were near starving.
One of your tentacles had a temporary spike.
You visited 2 branches of the dungeon, and saw 7 of its levels.

You collected 376 gold pieces.

Inventory:

Missiles
 a - 49 arrows
Jewellery
 n - an uncursed amulet of magic regeneration {unknown}
Wands
 e - a wand of iceblast (4)
Scrolls
 d - a scroll of blinking {unknown}
 g - a scroll of random uselessness {unknown}
 h - a scroll of magic mapping {unknown}
 i - 3 scrolls of identify
 j - 2 scrolls of teleportation {unknown}
 o - a scroll of fear {unknown}
 p - 4 scrolls of remove curse {unknown}
 t - a scroll of immolation {unknown}
Potions
 c - a potion of agility {unknown}
 f - a potion of haste
 k - 2 potions of brilliance {unknown}
 l - a potion of resistance {unknown}
 m - 3 potions of degeneration {unknown}
 q - a potion of mutation {unknown}
 r - a potion of berserk rage
 s - a potion of might
Comestibles
 b - 8 rations


   Skills:
 + Level 5.2 Fighting
 + Level 3.2 Dodging
 + Level 6.1 Unarmed Combat
 - Level 3.0 Spellcasting
 - Level 5.0 Transmutations
 + Level 2.1 Poison Magic


You had 7 spell levels left.
You knew the following spells:

 Your Spells              Type           Power        Failure   Level  Hunger
a - Beastly Appendage     Tmut           ###...       2%          1    #......
b - Sticks to Snakes      Tmut           ###.....     3%          2    ##.....
c - Spider Form           Tmut/Pois      ##........   14%         3    ###....

Your spell library contained the following spells:

 Spells                   Type           Power        Failure   Level  Hunger
 Ice Form                 Ice/Tmut       #.......     56%         4    #####..
 Blade Hands              Tmut           ###.......   56%         5    ######.


Dungeon Overview and Level Annotations

Branches:
Dungeon (6/15)             Temple (1/1) D:6

Altars:
Ashenzari
Cheibriados
Dithmenos
Elyvilon
Fedhas
Gozag
Kikubaaqudgha
Makhleb
Nemelex Xobeh
Okawaru
Qazlal
Ru
Sif Muna
Trog
Uskayaw
Vehumet
Wu Jian
Yredelemnul
Zin
The Shining One

Shops:
D:5 [   D:6 (

Annotations:
D:5 exclusion: statue


Innate Abilities, Weirdness & Mutations

You cannot wear most types of armour.
You are very stealthy in the water. (Stealth+)
You are amphibious.
You can wear up to eight rings at the same time.
You can use your tentacles to constrict eight enemies at once.
Your skin changes colour to match your surroundings (Stealth+).
Your rubbery body absorbs attacks. (AC +1, EV +1)
One of your tentacles bears a large vicious spike.


Message History

You squeeze the wyvern zombie.
The wyvern zombie is lightly damaged.
The wyvern zombie completely misses you.
You barely miss the wyvern zombie. You squeeze the wyvern zombie!
The wyvern zombie is moderately damaged.
The wyvern zombie bites you.
Casting: Spider Form (safe; 14% risk of failure)
Confirm with . or Enter, or press ? or * to list all spells.
One of your tentacles grows a vicious spike.
The wyvern zombie bites you!
You barely miss the wyvern zombie.
You pierce the wyvern zombie.
Your squeeze misses the wyvern zombie.
The wyvern zombie is heavily damaged.
The wyvern zombie bites you!
* * * LOW HITPOINT WARNING * * *
The wyvern zombie closely misses you.
It was a potion of might.
You feel very mighty all of a sudden. The wyvern zombie bites you!
You die...

....########
#####.# .
....# #.#
##### #.#
#.# ##.#
##..# ##.#.#
##.###.#
#@## #..
##Z# ###
#...?#
#.###.# #.
.# # #


You could see a wyvern zombie.

Vanquished Creatures
  A water moccasin (D:5)
  2 ice beasts
  An ogre (D:6)
  A centaur (D:4)
  A bullfrog (D:6)
  A howler monkey (D:4)
  A crimson imp (D:5)
  2 orc priests
  2 hounds (D:4)
  3 orc wizards
  A centaur skeleton (D:6)
  Terence (D:2)
  An iguana (D:5)
  2 worker ants
  A hound skeleton (D:6)
  8 adders
  4 gnolls (D:6)
  A shadow imp (D:5)
  2 worms
  A dart slug (D:2)
  3 leopard geckos
  13 orcs
  2 giant cockroaches
  22 goblins
  10 hobgoblins
  9 jackals
  A ball python (D:2)
  12 bats
  4 frilled lizards
  13 kobolds
  A quokka skeleton (D:6)
  12 rats
139 creatures vanquished.

Vanquished Creatures (collateral kills)
  An ogre (D:4)
  Robin (D:3)
  3 orcs
  A goblin (D:3)
  A rat (D:2)
7 creatures vanquished.

Vanquished Creatures (others)
  A leopard gecko (D:4)
1 creature vanquished.

Grand Total: 147 creatures vanquished

Notes
Turn   | Place    | Note
-------+----------+-------------------------------------------
     0 | D:1      | Aviak the Octopode Transmuter began the quest for the Orb.
     0 | D:1      | Reached XP level 1. HP: 13/13 MP: 3/3
   142 | D:1      | Reached XP level 2. HP: 16/18 MP: 5/5
   546 | D:1      | Reached XP level 3. HP: 18/23 MP: 6/6
   749 | D:1      | Learned a level 2 spell: Sticks to Snakes
   753 | D:1      | Learned a level 3 spell: Spider Form
  1204 | D:2      | Reached skill level 1 in Poison Magic
  1204 | D:2      | Reached XP level 4. HP: 11/29 MP: 2/7
  1815 | D:2      | Noticed Terence
  1856 | D:2      | Killed Terence
  2126 | D:2      | Reached XP level 5. HP: 25/34 MP: 8/8
  2836 | D:3      | Reached skill level 4 in Unarmed Combat
  3081 | D:3      | Noticed Robin
  3090 | D:3      | Reached XP level 6. HP: 20/41 MP: 5/9
  3105 | D:3      | Killed Robin
  4284 | D:4      | Reached XP level 7. HP: 36/47 MP: 10/10
  4449 | D:4      | Reached skill level 5 in Unarmed Combat
  4993 | D:5      | Entered Level 5 of the Dungeon
  5015 | D:5      | Found a radiant altar of Vehumet.
  5079 | D:5      | HP: 2/49 [crimson imp (3)]
  5517 | D:5      | Found Hypriaty's Antique Armour Shop.
  5884 | D:5      | Reached skill level 5 in Transmutations
  5949 | D:5      | Found a burning altar of Makhleb.
  6027 | D:5      | Reached XP level 8. HP: 49/54 MP: 7/11
  6237 | D:6      | Reached skill level 5 in Fighting
  6548 | D:6      | Found Taraory's Weapon Boutique.
  6660 | D:6      | Reached skill level 6 in Unarmed Combat
  6789 | D:6      | Found a staircase to the Ecumenical Temple.
  6797 | Temple   | Entered the Ecumenical Temple
  7016 | Temple   | Became a worshipper of Sif Muna the Loreminder
  7092 | D:6      | Slain by a wyvern zombie

Levels and vault maps discovered:
D:1:      evilmike_arrival_plus, layout_basic
D:2:      layout_basic, uniq_terence
D:3:      layout_basic, hangedman_decor_lopped, uniq_robin
D:4:      layout_gridville, st_stairs_8
D:5:      layout_basic, vehumet_statue, makhleb_grotto_becter, serial_shops,
          shop, first_ration
D:6:      layout_loops_ring, minmay_temple_entry_metal_lava, serial_shops, shop
Temple:   dpeg_five_rooms_temple

Skill      XL: |  1  2  3  4  5  6  7  8 |
---------------+-------------------------+-----
Poison Magic   | 1 2 |  2.1
Fighting       | 2 3 4 5 |  5.2
Transmutations | 3 4 5 |  5.0
Unarmed Combat | 4 5 6 |  6.1
Dodging        | 3 |  3.2
Spellcasting   | 3 |  3.0

Action                   |  1- 3 |  4- 6 |  7- 9 || total
-------------------------+-------+-------+-------++-------
Melee: Unarmed           |    78 |   167 |    91 ||   336
       Constrict         |    23 |    51 |     6 ||    80
       Tentacles         |     9 |    21 |     8 ||    38
       Kick              |     3 |    29 |     2 ||    34
       Punch             |       |     4 |     2 ||     6
 Cast: Beastly Appendage |     4 |    18 |     4 ||    26
       Sticks to Snakes  |     3 |    14 |     4 ||    21
       Spider Form       |       |     1 |     8 ||     9
Evoke: Wand              |       |       |     2 ||     2
  Use: Potion            |     2 |     4 |     2 ||     8
       Scroll            |       |     1 |       ||     1
 Stab: Sleeping          |     4 |     6 |     5 ||    15
  Eat: Chunk             |     1 |     8 |     8 ||    17
       Ration            |       |     1 |       ||     1
Armor: Skin              |     9 |    14 |     4 ||    27
Dodge: Dodged            |    46 |    97 |    76 ||   219
